 Dungeon Crawl Stone Soup version 0.29-a0-925-g0a7a3d12f8 (webtiles) character file.

Game seed: 1651317796979907762

1 Newt the Sneak (level 1, -2/14 HPs)
             Began as a Kobold Delver on July 29, 2022.
             Slain by a bullfrog (3 damage)
             ... on level 3 of the Dungeon.
             The game lasted 00:01:12 (251 turns).

Newt the Sneak (Kobold Delver)                       Turns: 251, Time: 00:01:12

Health: -2/14      AC:  3    Str:  9    XL:     1   Next: 22%
Magic:  1/1        EV: 14    Int: 11    God:
Gold:   31         SH:  0    Dex: 16    Spells: 0/0 levels left

rFire   . . .      SeeInvis .   a - +0 short sword
rCold   . . .      Faith    .   (no shield)
rNeg    . . .      Spirit   .   b - +0 leather armour
rPois   .          Reflect  .   (no helmet)
rElec   .          Harm     .   (no cloak)
rCorr   .          Rampage  .   (no gloves)
Will    .....                   (no boots)
Stlth   ++++......              (no amulet)
HPRegen 0.04/turn               (no ring)
MPRegen 0.07/turn               (no ring)

@: hasted, very quick
A: small, no large weapons, nightstalker 3
a: no special abilities


You were on level 3 of the Dungeon.
You visited 1 branch of the dungeon, and saw 3 of its levels.

You collected 31 gold pieces.

Inventory:

Hand Weapons
 a - a +0 short sword (weapon)
Armour
 b - a +0 leather armour (worn)
Wands
 g - a wand of digging (3)
Scrolls
 c - a scroll of fog
 d - a scroll of magic mapping
 h - a scroll of identify


   Skills:
 + Level 3.4 Fighting
 + Level 2.6 Short Blades
 + Level 2.4 Dodging
 + Level 6.6 Stealth


You couldn't memorise any spells.
You didn't know any spells.
Your spell library contained the following spells:

 Spells                   Type           Power      Damage    Failure   Level
 Call Canine Familiar     Summ           0%         N/A       83%         3
 Portal Projectile        Hex/Tloc       0%         N/A       83%         3
 Leda's Liquefaction      Hex/Erth       0%         N/A       99%         4


Dungeon Overview and Level Annotations

Branches:
Dungeon (5/15)
 Temple: D:4-7

Altars:


Innate Abilities, Weirdness & Mutations

You are small and have problems with some larger weapons.
You are completely attuned to the shadows.


Message History

You hit the endoplasm.
You kill the endoplasm!
The giant cockroach closely misses you.
The giant cockroach attacks as you move away!
The giant cockroach barely misses you.
The giant cockroach attacks as you move away!
The giant cockroach completely misses you.
The giant cockroach waves its antennae.
The giant cockroach misses you.
The giant cockroach attacks as you move away!
The giant cockroach barely misses you. The giant cockroach bites you.
The giant cockroach attacks as you move away!
The giant cockroach bites you but does no damage.
The giant cockroach attacks as you move away!
The giant cockroach bites you but does no damage.
Found a stone staircase leading up.
A bullfrog and a hobgoblin come into view.
The bullfrog gives a loud, deep croak!
The giant cockroach closely misses you. The bullfrog closely misses you.
The giant cockroach bites you but does no damage.
The giant cockroach attacks as you move away!
The giant cockroach barely misses you. The bullfrog closely misses you.
There is a stone staircase leading up here.
The bullfrog barely misses you.
You climb upwards.
Reactivating autopickup.
There is a stone staircase leading down here.
As you read the scroll labelled UPTEGI YHITTAD, it crumbles to dust.
It is a scroll of identify.
You don't have any unidentified items.
The bullfrog barely misses you. The bullfrog hits you.
* * * LOW HITPOINT WARNING * * *
You feel yourself speed up. The bullfrog hits you.
* * * LOW HITPOINT WARNING * * *
The bullfrog attacks as you move away! The bullfrog barely misses you.
A goblin comes into view. It is wielding a +0 club.
The bullfrog attacks as you move away! The bullfrog hits you.
You die...

.# ... #.. ##.#
#.# .#.# ....###
#.# ...#
#.>.###.##g.##
....#......#....
###.......F@..#
#######.......
.........
####..##. #..#


You could see a bullfrog and a goblin.

Vanquished Creatures
  An endoplasm (D:4)
1 creature vanquished.

Notes
Turn   | Place    | Note
-------+----------+-------------------------------------------
     0 | D:5      | Newt the Kobold Delver began the quest for the Orb.
     0 | D:5      | Reached XP level 1. HP: 14/14 MP: 1/1
    93 | D:5      | Noticed a hound
   171 | D:4      | Noticed an orc wizard
   171 | D:4      | Noticed an orc wizard
   237 | D:4      | Noticed a bullfrog
   251 | D:3      | Slain by a bullfrog

Illustrated notes

Levels and vault maps discovered:
D:3:      layout_rooms, mainiacjoe_overflow_boulevard
D:4:      layout_basic, lemuel_mausoleum_altar_kikubaaqudgha,
          grunt_decor_junction
D:5:      layout_loops_ring, ebering_ghost_sewer_f

Action                   || total
-------------------------++-------
Melee: Short sword       ||     4
  Use: Scroll            ||     2
       Potion            ||     1
Armor: Leather armour    ||     8
Dodge: Dodged            ||    19

Table legend: (Time is in decaauts)
 A = Elapsed time spent in this place.
 B = Non-inter-level travel time spent in this place.
 C = Inter-level travel time spent in this place.
 D = Time resting spent in this place.
 E = Time spent auto-exploring this place.
 F = Levels seen in this place.
 G = Mean time per level.
                   A        B        C        D        E       F      G
               +--------+--------+--------+--------+--------+-----+--------+
         Total |    248 |    248 |      0 |      0 |     89 |   3 |   82.7 |
       Dungeon |    248 |    248 |      0 |      0 |     89 |   3 |   82.7 |
               +--------+--------+--------+--------+--------+-----+--------+

Top non-repeatable levels by time:
     D:5: 171 daAuts
     D:4: 69 daAuts
     D:3: 7 daAuts
